 Dungeon Crawl Stone Soup version 0.21.1-1-g345015f (webtiles) character file.

799 shakethe the Changer (level 7, -10/43 HPs)
             Began as an Octopode Transmuter on Feb 8, 2018.
             Was an Initiate of Cheibriados.
             Killed from afar by a gnoll (17 damage)
             ... with a wand of acid (7)
             ... on level 6 of the Dungeon.
             The game lasted 00:20:43 (6079 turns).

shakethe the Changer (Octopode Transmuter)          Turns: 6079, Time: 00:20:43

Health: -10/43     AC: -2    Str: 10    XL:     7   Next: 90%
Magic:  12/15      EV: 20    Int: 17    God:    Cheibriados [......]
Gold:   175        SH:  0    Dex: 20    Spells: 8/16 levels left

rFire    + . .     SeeInvis .     - Unarmed
rCold    . . .     Gourm    .   (shield currently unavailable)
rNeg     . . .     Faith    .   (helmet currently unavailable)
rPois    x         Spirit   .   (no amulet)
rElec    .         Reflect  .   k - ring of protection from fire
rCorr    .         Harm     .   (no ring)
MR       .....                  (no ring)
Stlth    ++........             (no ring)
HPRegen  0.14/turn              (no ring)
MPRegen  0.14/turn              (no ring)
                                (no ring)
                                (no ring)

@: spider-form, corroded, very slow
A: tiny, almost no armour, stealthy swim, (amphibious), 8 rings, (constrict 8)
a: End Transformation, Bend Time, Renounce Religion


You were on level 6 of the Dungeon.
You worshipped Cheibriados.
Cheibriados was noncommittal.
You were not hungry.
You were a venomous arachnid creature.
You visited 1 branch of the dungeon, and saw 6 of its levels.

You collected 175 gold pieces.

Inventory:

Missiles
 a - 83 arrows
Armour
 l - a +0 shield
 r - a +0 buckler
Jewellery
 k - a ring of protection from fire (left front leg)
 t - an uncursed ring of wizardry {unknown}
Wands
 q - a wand of acid (8)
Scrolls
 d - 5 scrolls of remove curse {unknown}
 e - a scroll of fear {unknown}
 g - 3 scrolls of teleportation {unknown}
 i - 4 scrolls of identify {unknown}
 j - a scroll of fog {unknown}
 m - a scroll of enchant armour {unknown}
Potions
 f - 2 potions of agility {unknown}
 h - 2 potions of lignification {unknown}
 p - a potion of ambrosia {unknown}
 s - a potion of brilliance {unknown}
Books
 b - a book of Changes

   Spells                             Type                      Level
   a - Beastly Appendage              Transmutation                1
   b - Sticks to Snakes               Transmutation                2
   c - Spider Form                    Transmutation/Poison         3
   d - Ice Form                       Ice/Transmutation            4
   e - Blade Hands                    Transmutation                5
 n - a book of Conjurations

   Spells                             Type                      Level
   a - Magic Dart                     Conjuration                  1
   b - Searing Ray                    Conjuration                  2
   c - Dazzling Spray                 Conjuration/Hexes            3
   d - Fulminant Prism                Conjuration/Hexes            4
   e - Force Lance                    Conjuration/Translocation    4
   f - Iskenderun's Mystic Blast      Conjuration                  4
Comestibles
 c - 8 rations
 o - a chunk of flesh


   Skills:
 - Level 1.0 Fighting
 + Level 2.5 Dodging
 * Level 1.5 Shields
 * Level 3.7 Unarmed Combat
 + Level 5.3 Spellcasting
 + Level 5.8 Transmutations


You had 8 spell levels left.
You knew the following spells:

 Your Spells              Type           Power        Failure   Level  Hunger
a - Beastly Appendage     Tmut           ###...       6%          1    None
b - Spider Form           Tmut/Pois      ##........   28%         3    ##.....
c - Ice Form              Ice/Tmut       ##......     61%         4    ####...


Dungeon Overview and Level Annotations

Branches:
Dungeon (6/15)             Temple (0/1) D:5

Altars:
Cheibriados
Hepliaklqana
Nemelex Xobeh
Trog

Annotations:
D:5 Dowan, Duvessa, Grinder


Innate Abilities, Weirdness & Mutations

You cannot wear most types of armour.
You are very stealthy in the water. (Stealth+)
((You are amphibious.))
You can wear up to eight rings at the same time.
((You can use your tentacles to constrict eight enemies at once.))
((Your skin changes colour to match your surroundings (Stealth+).))
((Your rubbery body absorbs attacks. (AC +1, EV +1)))


Message History

You turn into a venomous arachnid creature.
The gnoll misses you.
The gnoll zaps a wand.
The bolt of acid misses you.
A gnoll comes into view. It is wielding a spear.
The gnoll shouts!
The gnoll misses you.
An iguana comes into view.
The iguana hisses angrily.
You hit the gnoll.
The gnoll is poisoned.
The gnoll is lightly wounded.
You hear a shout!
The gnoll zaps a wand.
The bolt of acid hits you! The acid corrodes you!
You are splashed with acid!
The acid burns!
* * * LOW HITPOINT WARNING * * *
You hear a shout! x2
You barely miss the gnoll.
The gnoll is moderately wounded.
You hit the gnoll.
The gnoll looks as sick as possible!
The gnoll is heavily wounded.
The gnoll zaps a wand.
The bolt of acid hits you!
You die...

####### .......
.g..... ....... ###
....... ..#
.......######.# #
.....l.g.g.##.##.###
####.#####s.........
##...##.######
#...........#
#..###.####.#
#......##.#.#
#.........#.#
#.........#.#
########.#......<#.#
...................#


You could see an iguana and 2 gnolls.

Vanquished Creatures
  The ghost of shakethe the Insei, an amateur OpTm of Cheibriados (D:4)
  Sigmund (D:5)
  A howler monkey (D:5)
  A crimson imp (D:5)
  A hound (D:5)
  2 iguanas (D:4)
  A worker ant (D:4)
  9 adders
  7 gnolls
  A howler monkey skeleton (D:4)
  An ooze (D:2)
  2 adder skeletons (D:4)
  5 worms
  A dart slug (D:3)
  4 leopard geckos
  12 orcs
  A giant cockroach (D:5)
  6 goblins
  9 hobgoblins
  9 jackals
  10 kobolds
  2 quokkas
  2 ball pythons
  3 bats
  5 frilled lizards
  11 rats
108 creatures vanquished.

Notes
Turn   | Place    | Note
-------+----------+-------------------------------------------
     0 | D:1      | shakethe the Octopode Transmuter began the quest for the Orb.
     0 | D:1      | Reached XP level 1. HP: 13/13 MP: 3/3
   105 | D:1      | Reached XP level 2. HP: 11/18 MP: 3/5
  1093 | D:1      | Reached XP level 3. HP: 8/23 MP: 6/6
  1251 | D:1      | Learned a level 3 spell: Spider Form
  1550 | D:2      | Reached XP level 4. HP: 22/28 MP: 8/8
  1731 | D:2      | Noticed an orc warrior
  2613 | D:3      | Reached XP level 5. HP: 33/33 MP: 8/10
  3145 | D:3      | Found a bloodstained altar of Trog.
  3919 | D:4      | Found a sparkling altar of Nemelex Xobeh.
  4018 | D:4      | Reached XP level 6. HP: 18/38 MP: 6/12
  4678 | D:4      | Noticed shakethe's ghost (amateur OpTm)
  4730 | D:4      | Killed shakethe's ghost
  4730 | D:4      | Reached skill level 5 in Spellcasting
  4730 | D:4      | Reached skill level 5 in Transmutations
  4730 | D:4      | Reached XP level 7. HP: 21/43 MP: 7/14
  5168 | D:4      | Found a hazy altar of Hepliaklqana.
  5168 | D:4      | Found a snail-covered altar of Cheibriados.
  5173 | D:4      | Became a worshipper of Cheibriados the Contemplative
  5358 | D:4      | Learned a level 4 spell: Ice Form
  5408 | D:5      | Entered Level 5 of the Dungeon
  5444 | D:5      | Found a staircase to the Ecumenical Temple.
  5696 | D:5      | Noticed Sigmund
  5713 | D:5      | Killed Sigmund
  5713 | D:5      | Reached skill level 1 in Shields
  5821 | D:5      | Noticed Duvessa
  5821 | D:5      | Noticed Dowan
  5885 | D:5      | Noticed Grinder
  6079 | D:6      | Killed from afar by a gnoll

Skill      XL: |  1  2  3  4  5  6  7 |
---------------+----------------------+-----
Transmutations | 3 4 5 |  5.8
Spellcasting   | 3 4 5 |  5.3
Shields        | 1 |  1.5
Fighting       | |  1.0
Dodging        | |  2.5
Unarmed Combat | |  3.7

Action                   |  1- 3 |  4- 6 |  7- 9 || total
-------------------------+-------+-------+-------++-------
Melee: Unarmed           |    60 |   179 |    63 ||   302
       Constrict         |    15 |    48 |     7 ||    70
       Kick              |    11 |    39 |    10 ||    60
       Tentacles         |     8 |    19 |     7 ||    34
       Punch             |       |     5 |     5 ||    10
 Cast: Beastly Appendage |    18 |    36 |     7 ||    61
       Spider Form       |       |     5 |     4 ||     9
 Stab: Sleeping          |     2 |    10 |       ||    12
  Eat: Chunk             |     2 |     8 |     5 ||    15
       Ration            |       |     1 |       ||     1
Armor: Skin              |     3 |    11 |     2 ||    16
Dodge: Dodged            |    43 |    96 |    47 ||   186
